 Dungeon Crawl Stone Soup version 0.31.0-12-g77e489cdc1 (webtiles) character file.

Game seed: 14335850259315735358

456 Doot the Grave Robber (level 6, 0/32 HPs)
             Began as a Deep Elf Necromancer on Feb 28, 2024.
             Slain by a phantom (7 damage)
             ... on level 4 of the Dungeon.
             The game lasted 00:07:00 (2938 turns).

Doot the Grave Robber (Deep Elf Necromancer)        Turns: 2938, Time: 00:07:00

Health: 0/32       AC:  3    Str:  5    XL:     6   Next: 77%
Magic:  17/18      EV: 13    Int: 22    God:
Gold:   92         SH:  0    Dex: 15    Spells: 9/19 levels left

rFire   . . .        c - +0 short sword
rCold   . . .        (no shield)
rNeg    . . .        a - +0 robe
rPois   .            (no helmet)
rElec   .            (no cloak)
rCorr   .            f - +0 pair of gloves
SInv    .            (no boots)
Will    .....        (no amulet)
Stlth   ++           (no ring)
HPRegen 0.25/turn    (no ring)
MPRegen 0.16/turn

%: no passive effects
@: no status effects
A: no striking features
a: no special abilities


You were on level 4 of the Dungeon.
You visited 1 branch of the dungeon, and saw 4 of its levels.
You also visited: Sewer.

You collected 92 gold pieces.

Inventory:

Hand Weapons
 c - a +0 short sword (weapon)
Armour
 a - a +0 robe (worn)
 f - a +0 pair of gloves (worn)
Jewellery
 r - an amulet of guardian spirit
Scrolls
 d - a scroll of vulnerability {unknown}
 e - a scroll of enchant armour {unknown}
 g - a scroll of teleportation {unknown}
 i - 2 scrolls of fear {unknown}
 j - 2 scrolls of brand weapon {unknown}
 k - 6 scrolls of identify {unknown}
 l - a scroll of fog {unknown}
Potions
 b - a potion of magic
 h - a potion of heal wounds {unknown}
 m - a potion of might {unknown}
 n - 2 potions of mutation {unknown}
 o - 2 potions of brilliance {unknown}
 p - a potion of resistance {unknown}
 q - a potion of berserk rage {unknown}


   Skills:
 + Level 0.3 Short Blades
 + Level 2.8 Dodging
 + Level 2.7 Stealth
 * Level 7.0 Spellcasting
 * Level 1.4 Summonings
 + Level 7.3 Necromancy


You had 9 spell levels left.
You knew the following spells:

 Your Spells              Type           Power      Damage    Failure   Level
a - Necrotise             Necr           100%       1d9       1%          1
b - Vampiric Draining     Necr           39%        2d8       1%          3
c - Summon Cactus Giant   Summ           7%         N/A       100%        6

Your spell library contained the following spells:

 Spells                   Type           Power      Damage    Failure   Level
 Animate Dead             Necr           39%        N/A       4%          4
 Curse of Agony           Necr           39%        N/A       12%         5
 Summon Forest            Summ/Tloc      5%         N/A       86%         5
 Summon Mana Viper        Hex/Summ       10%        N/A       86%         5


Dungeon Overview and Level Annotations

Branches:
Dungeon (4/15)              Sewer (visited)
 Temple: D:4-7

Altars:


Message History

Unknown command.
You barely miss the phantom.
The phantom is severely damaged.
The phantom barely misses you.
Unknown command.
You closely miss the phantom.
The phantom is severely damaged.
The phantom hits you but does no damage.
You hit the phantom but do no damage.
The phantom is heavily damaged.
The phantom hits you but does no damage.
Your orc skeleton hits the phantom but does no damage.
You barely miss the phantom.
The phantom is heavily damaged.
The phantom misses you.
Your orc skeleton closely misses the phantom.
You hit the phantom.
The phantom is severely damaged.
The phantom barely misses you.
You closely miss the phantom.
The phantom is severely damaged.
Your orc skeleton barely misses the phantom.
The phantom hits you.
* * * LOW HITPOINT WARNING * * *
You barely miss the phantom.
The phantom is severely damaged.
The phantom hits you.
* * * LOW HITPOINT WARNING * * *
Your orc skeleton closely misses the phantom.
You hit the phantom but do no damage.
The phantom is severely damaged.
The phantom hits you but does no damage.
Your orc skeleton barely misses the phantom.
You hit the phantom but do no damage.
The phantom is severely damaged.
The phantom barely misses you.
Your orc skeleton hits the phantom.
You hit the phantom.
The phantom is severely damaged.
The phantom hits you!
You die...

#.........#####.##.......
#.#.#....####............
...#.#....#.......##......
######.#....#.......##......
.......#....#.......##......
.......#....#........#......
.o.....#....#........#).....
...>........#........#......
.........ZW@####.....##.####
..........)## ##....##.###.
.......#+### #..... ...####
#####. .. #.. # #.# #.. #.#
##


You could see a phantom (ally target) and a friendly orc skeleton.

Vanquished Creatures
  A sky beast (D:4)
  3 jellies (Sewer)
  2 orc priests (D:4)
  Natasha (D:2)
  An orc wizard (D:4)
  8 adders
  A river rat (D:3)
  3 ribbon worms
  A dart slug (D:1)
  4 orcs (D:4)
  4 ball pythons
  7 endoplasms
  3 giant cockroaches (Sewer)
  4 goblins
  6 hobgoblins
  6 kobolds
  5 quokkas
  4 bats
  7 frilled lizards
  7 rats
78 creatures vanquished.

Vanquished Creatures (collateral kills)
  4 endoplasms (Sewer)
  A giant cockroach (Sewer)
5 creatures vanquished.

Grand Total: 83 creatures vanquished

Notes
Turn   | Place    | Note
-------+----------+-------------------------------------------
     0 | D:1      | Doot the Deep Elf Necromancer began the quest for the Orb.
     0 | D:1      | Reached XP level 1. HP: 10/10 MP: 6/6
    23 | D:1      | Reached skill level 5 in Necromancy
    91 | D:1      | Reached XP level 2. HP: 15/15 MP: 1/8
   415 | D:2      | Reached XP level 3. HP: 19/19 MP: 5/9
   666 | D:2      | Noticed Natasha
   672 | D:2      | Killed Natasha
  1120 | D:3      | Reached XP level 4. HP: 24/24 MP: 12/12
  1397 | D:3      | Found a glowing drain.
  1401 | Sewer    | Entered a sewer
  1684 | Sewer    | Learned a level 3 spell: Vampiric Draining
  1701 | Sewer    | Reached skill level 5 in Spellcasting
  1710 | Sewer    | Reached XP level 5. HP: 28/28 MP: 7/14
  1857 | Sewer    | Found a viscous altar of Jiyva.
  2094 | D:3      | Reached XP level 6. HP: 30/32 MP: 13/16
  2254 | D:3      | Learned a level 6 spell: Summon Cactus Giant
  2604 | D:4      | Reached skill level 1 in Summonings
  2793 | D:4      | Noticed a sky beast
  2800 | D:4      | Killed a sky beast
  2938 | D:4      | Slain by a phantom

Illustrated notes

Levels and vault maps discovered:
D:1:      dpeg_arrival_long_road, layout_basic
D:2:      layout_loops_ring, uniq_natasha
D:3:      layout_basic, lightli_sewer_entry_pipes
D:4:      cheibrodos_pilgrimage, layout_basic, minmay_temple_entry_hall

Skill      XL: |  1  2  3  4  5  6 |
---------------+-------------------+-----
Necromancy     | 5 6 7 |  7.3
Spellcasting   | 4 5 7 |  7.0
Summonings     | 1 |  1.4
Short Blades   | |  0.3
Dodging        | |  2.8
Stealth        | |  2.7

Action                     |  1- 3 |  4- 6 || total
---------------------------+-------+-------++-------
  Melee: Short sword       |     1 |    42 ||    43
   Cast: Necrotise         |    52 |    99 ||   151
         Vampiric Draining |       |     3 ||     3
   Stab: Sleeping          |       |     1 ||     1
 Armour: Robe              |     5 |    45 ||    50
  Dodge: Dodged            |     9 |    40 ||    49
